 Dungeon Crawl Stone Soup version 0.30-a0-528-g8c47a4955b (webtiles) character file.

Game seed: 5576022959871677465

2296 bande the Chopper (level 9, -3/55 HPs)
             Began as a Gargoyle Fighter on Dec 23, 2022.
             Was a Believer of Okawaru.
             Slain by a two-headed ogre
             ... wielding a +0 giant spiked club
              (20 damage)
             ... on level 7 of the Dungeon.
             The game lasted 00:14:39 (7231 turns).

bande the Chopper (Gargoyle Fighter)                Turns: 7231, Time: 00:14:39

Health: -3/55      AC: 26    Str: 20    XL:     9   Next: 40%
Magic:  12/12      EV:  4    Int:  9    God:    Okawaru [**....]
Gold:   265        SH:  9    Dex: 13    Spells: 8/8 levels left

rFire   . . .      SeeInvis .    a - +1 war axe
rCold   . . .      Faith    .    s - +0 kite shield
rNeg    + . .      Spirit   .    k - +0 plate armour
rPois   ∞          Reflect  .    t - +0 helmet
rElec   +          Harm     .    n - +2 cloak {rCorr}
rCorr   +          Rampage  .    (no gloves)
Will    .....                    m - +1 pair of boots Stlth
                                 o - amulet of regeneration
HPRegen 1.09/turn                (no ring)
MPRegen 0.13/turn                (no ring)

@: no status effects
A: sickness immunity, AC +6, negative energy resistance 1, electricity
resistance, torment resistance 1, petrification resistance
a: Renounce Religion, Heroism


You were on level 7 of the Dungeon.
You worshipped Okawaru.
Okawaru was pleased with you.
You visited 1 branch of the dungeon, and saw 7 of its levels.

You collected 265 gold pieces.

Inventory:

Hand Weapons
 a - a +1 war axe (weapon)
 r - a +1 mace of protection
Missiles
 q - 2 boomerangs of dispersal (quivered)
Armour
 j - a +1 ring mail of cold resistance
 k - a +0 plate armour (worn)
 m - a +1 pair of boots (worn)
 n - a +2 cloak of preservation (worn)
 s - a +0 kite shield (worn)
 t - a +0 helmet (worn)
Jewellery
 l - a ring of magical power
 o - an amulet of regeneration (around neck)
 y - an amulet of reflection
Wands
 c - a wand of paralysis (5)
Scrolls
 g - 2 scrolls of fog
 h - 2 scrolls of blinking
Potions
 b - 2 potions of flight
 d - 5 potions of might
 e - a potion of ambrosia
 f - 5 potions of curing
 i - 3 potions of heal wounds
 p - 2 potions of mutation
 v - a potion of magic
 w - a potion of resistance


   Skills:
 + Level 5.8 Fighting
 + Level 7.8 Axes
 + Level 6.5 Armour
 + Level 5.6 Shields
 * Level 4.4 Invocations


You had 8 spell levels left.
You didn't know any spells.
Your spell library contained the following spells:

 Spells                   Type           Power      Damage    Failure   Level
 Kiss of Death            Conj/Necr      0%         2d5       100%        1
 Confusing Touch          Hex            0%         N/A       100%        3
 Dazzling Flash           Conj/Hex       0%         N/A       100%        3
 Portal Projectile        Hex/Tloc       0%         N/A       100%        3
 Cause Fear               Hex            0%         N/A       100%        4
 Dispel Undead            Necr           0%         3d6       100%        4
 Iskenderun's Mystic Bla  Conj/Tloc      0%         2d3       100%        4
 Leda's Liquefaction      Hex/Erth       0%         N/A       100%        4
 Alistair's Intoxication  Tmut/Pois      0%         N/A       100%        5
 Blade Hands              Tmut           0%         N/A       100%        5
 Borgnjor's Vile Clutch   Necr/Erth      0%         N/A       100%        5
 Fireball                 Conj/Fire      0%         3d3       100%        5
 Iskenderun's Battlesphe  Conj           0%         2d6       100%        5
 Lee's Rapid Deconstruct  Erth           0%         3d4*      100%        5
 Conjure Ball Lightning   Conj/Air       0%         3x3d6     100%        6
 Eringya's Noxious Bog    Tmut/Pois      0%         N/A       100%        6
 Starburst                Conj/Fire      0%         6d3       100%        6
 Dragon Form              Tmut           0%         N/A       100%        7
 Orb of Destruction       Conj           0%         9d5       100%        7
 Tukima's Dance           Hex            Unusable   N/A       N/A         3
 Statue Form              Tmut/Erth      Unusable   N/A       N/A         6
 Dragon's Call            Summ           Unusable   N/A       N/A         9

Dungeon Overview and Level Annotations

Branches:
Dungeon (7/15)
 Temple: D:4-7

Altars:
Cheibriados
Dithmenos
Kikubaaqudgha
Nemelex Xobeh
Okawaru
Sif Muna
The Shining One

Shops:
D:7 ?


Innate Abilities, Weirdness & Mutations

You are immune to sickness and miasma.
Your stone body is resilient. (AC +6)
You are immune to poison.
You resist negative energy. (rN+)
You are resistant to electric shocks. (rElec)
You are resistant to unholy torment.
You are immune to petrification.


Message History

* * * LOW HITPOINT WARNING * * *
You are too injured to fight recklessly!
You are too injured to fight recklessly!
You are too injured to fight recklessly!
You are too injured to fight recklessly!
You are too injured to fight recklessly!
You are too injured to fight recklessly!
You are too injured to fight recklessly!
You slash the two-headed ogre!
The two-headed ogre is heavily wounded.
The two-headed ogre hits you with a +0 giant spiked club.
* * * LOW HITPOINT WARNING * * *
The two-headed ogre hits you but does no damage.
You hit the two-headed ogre.
The two-headed ogre is heavily wounded.
You hit the two-headed ogre.
The two-headed ogre is heavily wounded.
You block the two-headed ogre's attack. The two-headed ogre closely misses you.
You hit the two-headed ogre.
The two-headed ogre is heavily wounded.
You block the two-headed ogre's attack.
The two-headed ogre hits you with a +0 giant club!
* * * LOW HITPOINT WARNING * * *
You feel much better.
The two-headed ogre hits you with a +0 giant spiked club.
You block the two-headed ogre's attack.
You hit the two-headed ogre.
The two-headed ogre is severely wounded.
You block the two-headed ogre's attack. x2
You hit the two-headed ogre.
The two-headed ogre is severely wounded.
You slash the two-headed ogre!
The two-headed ogre is almost dead.
The two-headed ogre hits you but does no damage.
The two-headed ogre hits you with a +0 giant club!
* * * LOW HITPOINT WARNING * * *
You hit the two-headed ogre but do no damage.
The two-headed ogre is almost dead.
The two-headed ogre hits you with a +0 giant spiked club!!
You die...

#.#
#.################
#.##..<..........#
#.##.###########.#
#.##.# #.# #....#
#.# ###### #.#
##########.#
#.cO@......#
#.##########


You could see a two-headed ogre and a centaur.

Vanquished Creatures
  The ghost of sirJeffrey23 the Covered, a novice DsFi (D:4)
  Prince Ribbit (D:6)
  Sigmund (D:3)
  A steam dragon (D:5)
  Menkaure (D:6)
  A black bear (D:5)
  A phantom (D:6)
  A centaur (D:6)
  Blork the orc (D:5)
  A bullfrog (D:6)
  3 necrophages
  2 scorpions
  4 orc priests
  Crazy Yiuf (D:2)
  A hound (D:4)
  A jelly (D:4)
  Jessica (D:3)
  4 iguanas (D:5)
  3 orc wizards
  Natasha (twice) (D:2)
  Robin (D:3)
  4 gnolls
  7 adders
  2 white imps
  3 worms
  A dart slug (D:3)
  34 orcs
  7 ball pythons
  10 bats
  7 endoplasms
  3 giant cockroaches
  16 goblins
  9 hobgoblins
  7 jackals
  2 quokkas
  8 kobolds
  8 rats
161 creatures vanquished.

Notes
Turn   | Place    | Note
-------+----------+-------------------------------------------
     0 | D:1      | bande the Gargoyle Fighter began the quest for the Orb.
     0 | D:1      | Reached XP level 1. HP: 14/14 MP: 1/1
     6 | D:1      | Noticed a rime drake
     7 | D:1      | Noticed a polar bear
   128 | D:1      | Reached XP level 2. HP: 13/19 MP: 2/2
   345 | D:1      | Reached skill level 2 in Axes
   549 | D:1      | Reached XP level 3. HP: 19/23 MP: 3/3
  1016 | D:2      | Found a faded altar of an unknown god.
  1522 | D:2      | Reached XP level 4. HP: 29/29 MP: 4/4
  1533 | D:2      | Found a sparkling altar of Nemelex Xobeh.
  2247 | D:2      | Reached skill level 3 in Axes
  2385 | D:2      | Found a runed translucent door.
  2385 | D:2      | Noticed Natasha
  2406 | D:2      | Killed Natasha
  2407 | D:2      | Reached XP level 5. HP: 12/33 MP: 5/5
  2489 | D:2      | Noticed Crazy Yiuf
  2496 | D:2      | Killed Crazy Yiuf
  2916 | D:2      | Noticed Natasha
  2928 | D:2      | Killed Natasha
  2995 | D:3      | Noticed Sigmund
  3005 | D:3      | Killed Sigmund
  3006 | D:3      | Reached skill level 4 in Axes
  3006 | D:3      | Reached XP level 6. HP: 38/38 MP: 6/6
  3294 | D:3      | Noticed Jessica
  3299 | D:3      | Killed Jessica
  3439 | D:3      | Noticed Robin
  3458 | D:3      | Reached skill level 5 in Armour
  3464 | D:3      | Killed Robin
  3642 | D:3      | Reached XP level 7. HP: 43/43 MP: 7/7
  3743 | D:3      | Found a shimmering blue altar of Sif Muna.
  3953 | D:4      | Found a snail-covered altar of Cheibriados.
  4038 | D:4      | Reached skill level 5 in Axes
  4118 | D:4      | Found an ancient bone altar of Kikubaaqudgha.
  4294 | D:4      | Found a runed translucent gate.
  4294 | D:4      | Identified the +1 ring mail "Qienus" {Rampage Regen+ Str+3}
  4294 | D:4      | Noticed sirJeffrey23's ghost (novice DsFi)
  4295 | D:4      | Found a runed translucent gate.
  4296 | D:4      | Found a runed translucent gate.
  4335 | D:4      | Found an iron altar of Okawaru.
  4340 | D:4      | Became a worshipper of Warmaster Okawaru
  4365 | D:5      | Entered Level 5 of the Dungeon
  4365 | D:5      | Found a sparkling altar of Nemelex Xobeh.
  4518 | D:4      | Killed sirJeffrey23's ghost
  4519 | D:4      | Reached skill level 6 in Axes
  4519 | D:4      | Reached skill level 1 in Invocations
  4519 | D:4      | Reached XP level 8. HP: 41/48 MP: 7/9
  4596 | D:3      | Reached * piety under Okawaru
  4839 | D:5      | Found a shadowy altar of Dithmenos.
  4894 | D:5      | Reached skill level 5 in Fighting
  5064 | D:5      | Noticed Blork the orc
  5080 | D:5      | Killed Blork the orc
  6182 | D:6      | Reached skill level 7 in Axes
  6184 | D:6      | Reached skill level 5 in Shields
  6209 | D:6      | Noticed Menkaure
  6214 | D:6      | Killed Menkaure
  6214 | D:6      | Reached ** piety under Okawaru
  6215 | D:6      | Reached XP level 9. HP: 28/54 MP: 11/11
  6548 | D:6      | Found a glowing golden altar of the Shining One.
  6823 | D:6      | Noticed Prince Ribbit
  6851 | D:6      | Killed Prince Ribbit
  7114 | D:7      | Found Muasat's Magic Scroll Emporium.
  7215 | D:7      | Noticed a two-headed ogre
  7231 | D:7      | Slain by a two-headed ogre

Illustrated notes

Levels and vault maps discovered:
D:1:      onia_arrival_zoo_common, layout_loops_corners,
          hangedman_abyss_or_decor_lesser_grid
D:2:      layout_loops_corners, ebering_ecumenical_altar_rust, basic_altar,
          uniq_crazy_yiuf_cottage, uniq_natasha
D:3:      layout_loops_cross, mainiacjoe_overflow_alcove_2, uniq_jessica,
          uniq_sigmund, uniq_robin
D:4:      layout_rooms, mainiacjoe_overflow_catwalk, kennysheep_little_box,
          nicolae_overflow_crystal_walls, biasface_ghost_orc_armoury
D:5:      layout_basic, mainiacjoe_overflow_catch_the_wave, uniq_blork_the_orc
D:6:      layout_cave_pools, mainiacjoe_overflow_brackets, uniq_menkaure,
          uniq_prince_ribbit1
D:7:      layout_basic, minmay_temple_entry_mini_moons, serial_shops,
          nicolae_shop_statue_plus, kennysheep_small_spiral

Skill      XL: |  1  2  3  4  5  6  7  8  9 |
---------------+----------------------------+-----
Axes           | 2 3 4 6 7 |  7.8
Armour         | 4 5 6 |  6.5
Shields        | 4 5 |  5.6
Fighting       | 4 5 |  5.8
Invocations    | 1 3 4 |  4.4

Action                   |  1- 3 |  4- 6 |  7- 9 || total
-------------------------+-------+-------+-------++-------
Melee: War axe           |   114 |   146 |   332 ||   592
  Use: Scroll            |       |       |    21 ||    21
       Potion            |       |       |     1 ||     1
Armor: Scale mail        |    49 |       |       ||    49
       Plate armour      |    21 |   122 |   323 ||   466
Dodge: Dodged            |    54 |    44 |    86 ||   184
Block: Buckler           |    24 |    36 |    35 ||    95
       Kite shield       |       |       |   123 ||   123

Table legend: (Time is in decaauts)
 A = Elapsed time spent in this place.
 B = Non-inter-level travel time spent in this place.
 C = Inter-level travel time spent in this place.
 D = Time resting spent in this place.
 E = Time spent auto-exploring this place.
 F = Levels seen in this place.
 G = Mean time per level.
                   A        B        C        D        E       F      G
               +--------+--------+--------+--------+--------+-----+--------+
         Total |   7447 |   7254 |    193 |   1477 |   3733 |   7 | 1063.9 |
       Dungeon |   7447 |   7254 |    193 |   1477 |   3733 |   7 | 1063.9 |
               +--------+--------+--------+--------+--------+-----+--------+

Top non-repeatable levels by time:
     D:5: 1664 daAuts
     D:2: 1611 daAuts
     D:1: 1418 daAuts
     D:3: 972 daAuts
     D:4: 934 daAuts
     D:6: 639 daAuts
     D:7: 206 daAuts
